 Dungeon Crawl Stone Soup version 0.31-a0-692-gf03d1854d5 (webtiles) character file.

Game seed: 3606943222096256725

74 qw the Shooter (level 4, -1/28 HPs)
             Began as a Gargoyle Hunter on Sept 6, 2023.
             Slain by a gnoll
             ... wielding a +0 flail
              (9 damage)
             ... on level 2 of the Dungeon.
             The game lasted 00:00:26 (640 turns).

qw the Shooter (Gargoyle Hunter)                     Turns: 640, Time: 00:00:27

Health: -1/28      AC:  8    Str: 14    XL:     4   Next: 30%
Magic:  4/4        EV: 10    Int: 10    God:
Gold:   39         SH:  0    Dex: 15    Spells: 3/3 levels left

rFire   . . .        Y - +0 shortbow
rCold   . . .        (shield currently unavailable)
rNeg    + . .        f - +0 ring mail
rPois   inf          (no helmet)
rElec   +            (no cloak)
rCorr   .            (no gloves)
SInv    .            (no boots)
Will    .....        (no amulet)
Stlth   +            (no ring)
HPRegen 0.24/turn    (no ring)
MPRegen 0.09/turn

%: no passive effects
@: no status effects
A: sickness immunity, AC +3, negative energy resistance 1, electricity
resistance, torment resistance 1, petrification resistance
a: no special abilities


You were on level 2 of the Dungeon.
You visited 1 branch of the dungeon, and saw 2 of its levels.

You collected 39 gold pieces.


Innate Abilities, Weirdness & Mutations

You are immune to sickness and miasma.
Your stone body is resilient. (AC +3)
You are immune to poison.
You resist negative energy. (rN+)
You are resistant to electric shocks. (rElec)
You are resistant to unholy torment.
You are immune to petrification.


   Skills:
 - Level 3.1 Fighting
 + Level 5.1 Ranged Weapons
 - Level 1.1 Armour
 - Level 1.5 Dodging
 - Level 1.1 Stealth


You had 3 spell levels left.
You didn't know any spells.
Your spell library was empty.

Inventory:

Hand Weapons
 Y - a +0 shortbow (weapon)
Armour
 f - a +0 ring mail (worn)
Potions
 a - a potion of cancellation {unknown}
 h - a potion of curing {unknown}

Dungeon Overview and Level Annotations

Branches:
Dungeon (2/15)

Altars:


Message History

The arrow hits the gnoll but does no damage.
You shoot an arrow. The arrow closely misses the gnoll.
A rat comes into view.
The gnoll hits you with a +0 club.
You shoot an arrow.
The arrow hits the gnoll but does no damage.
The gnoll hits you with a +0 club.
A quokka comes into view.
You shoot an arrow. The arrow hits the gnoll.
The gnoll is heavily wounded.
The gnoll hits you but does no damage. The rat barely misses you.
You shoot an arrow. The arrow closely misses the gnoll.
The rat misses you. The gnoll completely misses you.
The gnoll hits you with a +0 club.
You shoot an arrow. The arrow hits the gnoll.
You kill the gnoll!
The rat bites you but does no damage. The gnoll closely misses you.
You shoot an arrow. The arrow hits the gnoll.
The gnoll is moderately wounded.
The rat twitches its whiskers.
The rat barely misses you. The gnoll misses you. The rat closely misses you.
The gnoll closely misses you.
You shoot an arrow. The arrow barely misses the gnoll.
The rat misses you. The gnoll hits you with a +0 flail.
You shoot an arrow. The arrow hits the gnoll.
The gnoll is heavily wounded.
The rat barely misses you. The gnoll hits you with a +0 flail.
You shoot an arrow. The arrow barely misses the gnoll.
The arrow misses the quokka.
The rat bites you but does no damage. The gnoll closely misses you.
You shoot an arrow.
The arrow hits the gnoll but does no damage.
The gnoll is heavily wounded.
The rat misses you. The gnoll hits you with a +0 flail. The rat bites you.
The gnoll hits you with a +0 flail.
You shoot an arrow. The arrow closely misses the gnoll.
The arrow hits the quokka.
The quokka is heavily wounded.
The gnoll hits you with a +0 flail!
You die...

##. .... >. .... ...
..#..# .###.#..#
.#..# ....)...# ....
...#..#..#.. ##.r#
#.###...###.
#.rg#####..#..#..#..
#..@)..........[....
#.............# #..)
###.#####.##..# #...
#.# #.##..###.#. #.#
#.##.....>.. #.#
##.##.###.... #.#
#.........### #.#
##........## #
#.###...##....#


You could see a gnoll, a quokka and a rat.

Vanquished Creatures
  A gnoll (D:2)
  2 adders (D:2)
  2 dart slugs (D:1)
  5 ball pythons (D:1)
  5 bats (D:1)
  2 endoplasms (D:1)
  3 giant cockroaches
  A hobgoblin (D:1)
  3 jackals (D:1)
  A quokka (D:1)
  A frilled lizard (D:1)
  7 goblins
  5 kobolds (D:1)
  A rat (D:2)
39 creatures vanquished.

Notes
Turn   | Place    | Note
-------+----------+-------------------------------------------
     0 | D:1      | qw the Gargoyle Hunter began the quest for the Orb.
     0 | D:1      | Reached XP level 1. HP: 12/12 MP: 1/1
     0 | D:1      | 0 ||| qw: Version: 0.3-a-76-g4403597
     0 | D:1      | 0 ||| qw: Game counter: 331
     0 | D:1      | 0 ||| qw: Melee chars always use a shield: true
     0 | D:1      | 0 ||| qw: God list: Okawaru
     0 | D:1      | 0 ||| qw: Allow faded altars: false
     0 | D:1      | 0 ||| qw: Do Orc after clearing Dungeon:15 true
     0 | D:1      | 0 ||| qw: Do second Lair branch before Depths: true
     0 | D:1      | 0 ||| qw: Lair rune preference: random
     0 | D:1      | 0 ||| qw: Goals: Normal
     0 | D:1      | 0 ||| PLANNING D:1-11
   104 | D:1      | Reached XP level 2. HP: 16/17 MP: 2/2
   260 | D:1      | Reached XP level 3. HP: 20/21 MP: 3/3
   268 | D:1      | Reached skill level 5 in Ranged Weapons
   524 | D:1      | 524 ||| UPGRADING to +0 ring mail.
   534 | D:1      | 534 ||| DROPPING +0 leather armour.
   535 | D:1      | 535 ||| READING scroll labelled JUWKIY ENOUHIS.
   536 | D:1      | 536 ||| READING scroll labelled RITUPHODEM.
   537 | D:1      | 537 ||| READING scroll labelled QAENEUPRANTO.
   538 | D:1      | 538 ||| DROPPING scroll of butterflies.
   585 | D:2      | Reached skill level 1 in Armour
   604 | D:2      | Reached skill level 3 in Fighting
   604 | D:2      | Reached XP level 4. HP: 28/28 MP: 4/4
   640 | D:2      | Slain by a gnoll

Levels and vault maps discovered:
D:1:      dpeg_arrival_simpleton_c, layout_basic,
          hangedman_decor_clover_reticule
D:2:      cheibrodos_greedy_goblins, layout_loops_ring, minmay_strange_pillars

Skill      XL: |  1  2  3 |
---------------+----------+-----
Ranged Weapons | 5 |  5.1
Armour         | 1 |  1.1
Fighting       | 3 |  3.1
Dodging        | |  1.5
Stealth        | |  1.1

Action                     |  1- 3 |  4- 6 || total
---------------------------+-------+-------++-------
   Fire: Shortbow          |   109 |    14 ||   123
    Use: Scroll            |     3 |       ||     3
 Armour: Leather armour    |    21 |       ||    21
         Ring mail         |    11 |    12 ||    23
  Dodge: Dodged            |    29 |    12 ||    41

Table legend:
 A = Non-vault XP
 B = Vault XP
 C = Vault XP percentage of total XP
 D = Non-vault monster count
 E = Vault monster count
 F = Vault count percentage of total count
                 A         B        C        D         E       F
            +---------+---------+-------+---------+---------+-------
      Total |     107 |       0 |   0.0 |      39 |       0 |   0.0
            +---------+---------+-------+---------+---------+-------
        D:1 |      61 |       0 |   0.0 |      33 |       0 |   0.0
        D:2 |      46 |       0 |   0.0 |       6 |       0 |   0.0
            +---------+---------+-------+---------+---------+-------
